 Dungeon Crawl Stone Soup version 0.31.0-9-g3a7656b989 (webtiles) character file.

Game seed: 2560582285102448509

65 qw the Shooter (level 3, 0/20 HPs)
             Began as a Deep Elf Hunter on Feb 2, 2024.
             Succumbed to an adder's poison
             ... on level 2 of the Dungeon.
             The game lasted 00:00:04 (1221 turns).

qw the Shooter (Deep Elf Hunter)                    Turns: 1221, Time: 00:00:04

Health: 0/20       AC:  7    Str: 10    XL:     3   Next: 92%
Magic:  5/5        EV:  9    Int: 13    God:
Gold:   91         SH:  0    Dex: 18    Spells: 2/2 levels left

rFire   . . .        a - +0 shortbow
rCold   . . .        (shield currently unavailable)
rNeg    . . .        g - +0 scale mail
rPois   .            (no helmet)
rElec   .            (no cloak)
rCorr   .            f - +0 pair of gloves
SInv    .            (no boots)
Will    .....        (no amulet)
Stlth   +            (no ring)
HPRegen 0.23/turn    (no ring)
MPRegen 0.09/turn

%: no passive effects
@: lethally poisoned (0 -> -2)
A: no striking features
a: no special abilities


You were on level 2 of the Dungeon.
You visited 1 branch of the dungeon, and saw 2 of its levels.

You collected 91 gold pieces.


   Skills:
 - Level 1.5 Fighting
 + Level 7.4 Ranged Weapons
 - Level 2.4 Dodging
 - Level 1.2 Stealth


You had 2 spell levels left.
You didn't know any spells.
Your spell library was empty.

Inventory:

Hand Weapons
 a - a +0 shortbow (weapon)
Armour
 f - a +0 pair of gloves (worn)
 g - a +0 scale mail (worn)
 l - a +0 ring mail
Jewellery
 j - a ring of willpower
Scrolls
 b - a scroll of fog {unknown}
 c - a scroll of identify {unknown}
Potions
 d - a potion of degeneration {unknown}
 e - a potion of enlightenment {unknown}
 h - a potion of cancellation {unknown}
 i - a potion of might {unknown}
 k - a potion of ambrosia {unknown}

Dungeon Overview and Level Annotations

Branches:
Dungeon (2/15)

Altars:


Message History

The adder bites you but does no damage.
You shoot an arrow. The arrow hits the adder!
The adder is heavily wounded.
The jackal closely misses you. The adder bites you but does no damage.
The jackal bites you. The adder bites you but does no damage.
You shoot an arrow. The arrow hits the adder.
The adder is severely wounded.
The jackal bites you. The adder closely misses you.
The jackal bites you but does no damage.
You shoot an arrow. The arrow barely misses the adder.
The adder bites you but does no damage.
The jackal bites you but does no damage.
The adder closely misses you. The jackal bites you.
You shoot an arrow. The arrow closely misses the adder.
The adder bites you but does no damage. The jackal barely misses you.
The adder closely misses you.
The jackal bites you but does no damage.
You shoot an arrow. The arrow closely misses the adder.
The adder bites you but does no damage.
The jackal bites you but does no damage.
The adder bites you but does no damage.
The jackal bites you but does no damage.
You shoot an arrow. The arrow closely misses the adder.
The jackal bites you but does no damage.
The adder closely misses you. The jackal barely misses you.
You shoot an arrow. The arrow hits the adder.
The adder is almost dead.
The adder bites you.
You are lethally poisoned!
The adder poisons you!
The jackal bites you but does no damage.
The adder barely misses you.
The jackal bites you but does no damage.
You shoot an arrow. The arrow closely misses the adder.
You feel sick. The adder misses you. The jackal bites you.
The adder barely misses you.
You shoot an arrow.
The arrow hits the adder but does no damage.
The adder is almost dead.
You die...

##.......%..
#...######## #...#
#...# ##### ##
##########'#####.#..
...##...!..#
#.<.....#.#
......)..#
#.#####.#.# #.Sh%..#
#.# #.... #@# #.#
###.. #.###.## #.#
##.. #......# #.#
#... #####..# #.#
#... ######..## #.#
#..# ..........##
#.# #...
#########..###.#
#.## ##%.##.# #.##
##.##.######...


You could see an adder and a jackal.

Vanquished Creatures
  An adder (D:2)
  A dart slug (D:2)
  4 bats
  5 endoplasms
  A giant cockroach (D:1)
  5 goblins
  7 hobgoblins
  A jackal (D:2)
  5 kobolds
  3 quokkas
  7 ball pythons
  3 frilled lizards
  4 rats
47 creatures vanquished.

Notes
Turn   | Place    | Note
-------+----------+-------------------------------------------
     0 | D:1      | qw the Deep Elf Hunter began the quest for the Orb.
     0 | D:1      | Reached XP level 1. HP: 12/12 MP: 3/3
     0 | D:1      | 0 ||| qw: Version: 0.3-a-155-g5e7d8dd
     0 | D:1      | 0 ||| qw: Game counter: 2727
     0 | D:1      | 0 ||| qw: Melee chars always use a shield: true
     0 | D:1      | 0 ||| qw: God list: Okawaru
     0 | D:1      | 0 ||| qw: Allow faded altars: false
     0 | D:1      | 0 ||| qw: Do Orc after clearing Dungeon:15 true
     0 | D:1      | 0 ||| qw: Do second Lair branch before Depths: true
     0 | D:1      | 0 ||| qw: Lair rune preference: random
     0 | D:1      | 0 ||| qw: Goals: Normal
     0 | D:1      | 0 ||| PLANNING D:1-11
    90 | D:1      | Reached XP level 2. HP: 7/16 MP: 4/4
   125 | D:1      | Reached skill level 6 in Ranged Weapons
   299 | D:1      | Found a faded altar of an unknown god.
   429 | D:1      | Reached XP level 3. HP: 16/20 MP: 5/5
   732 | D:1      | 732 ||| UPGRADING to +0 pair of gloves.
   737 | D:1      | 737 ||| UPGRADING to +0 scale mail.
   747 | D:1      | 747 ||| DROPPING +0 leather armour.
   748 | D:1      | 748 ||| READING scroll labelled GIVUIM JOSADU.
   749 | D:1      | 749 ||| DROPPING scroll of butterflies.
   812 | D:2      | Reached skill level 7 in Ranged Weapons
  1215 | D:2      | HP: 3/20 [jackal (3)]
  1220 | D:2      | HP: 2/20 [poisoned by an adder]
  1221 | D:2      | Succumbed to an adder's poison

Levels and vault maps discovered:
D:1:      dpeg_arrival_boxes_within_box, layout_loops_ring,
          shapermc_ecumenical_altar_venn
D:2:      layout_basic

Skill      XL: |  1  2  3 |
---------------+----------+-----
Ranged Weapons | 6 7 |  7.4
Fighting       | |  1.5
Dodging        | |  2.4
Stealth        | |  1.2

Action                     || total
---------------------------++-------
   Fire: Shortbow          ||   132
    Use: Scroll            ||     1
 Armour: Leather armour    ||     5
         Scale mail        ||    56
  Dodge: Dodged            ||    34

Table legend:
 A = Non-vault XP
 B = Vault XP
 C = Vault XP percentage of total XP
 D = Non-vault monster count
 E = Vault monster count
 F = Vault count percentage of total count
                 A         B        C        D         E       F
            +---------+---------+-------+---------+---------+-------
      Total |      93 |       0 |   0.0 |      47 |       0 |   0.0
            +---------+---------+-------+---------+---------+-------
        D:1 |      51 |       0 |   0.0 |      30 |       0 |   0.0
        D:2 |      42 |       0 |   0.0 |      17 |       0 |   0.0
            +---------+---------+-------+---------+---------+-------
